 Dungeon Crawl Stone Soup version 0.24.0-123-gd5b16e6ec5 (webtiles) character file.

Game seed: 16797749026045618521, levelgen mode: deterministic

486 Lemonice the Covered (level 7, -1/52 HPs)
             Began as a Gnoll Wanderer on Feb 9, 2020.
             Slain by Eustachio
             ... wielding a +0 falchion
              (6 damage)
             ... on level 4 of the Dungeon.
             The game lasted 00:08:00 (3371 turns).

Lemonice the Covered (Gnoll Wanderer)               Turns: 3371, Time: 00:08:00

Health: -1/52      AC:  9    Str: 17      XL:     7   Next: 13%
Magic:  10/10      EV: 11    Int: 13      God:
Gold:   178        SH:  0    Dex: 14 (15) Spells: 10/10 levels left

rFire    . . .     SeeInvis .   u - +2 war axe (freeze)
rCold    . . .     Gourm    .   (no shield)
rNeg     . . .     Faith    .   d - +0 ring mail
rPois    .         Spirit   .   z - +0 helmet
rElec    .         Reflect  .   (no cloak)
rCorr    +         Harm     .   (no gloves)
MR       .....                  y - +0 pair of boots
Stlth    +.........             (no amulet)
HPRegen  0.17/turn              r - ring of resist corrosion
MPRegen  0.12/turn              (no ring)

@: berserk cooldown, slowed, very slow
A: distributed training, fangs 1, strong nose
a: no special abilities


You were on level 4 of the Dungeon.
You were hungry.

You visited 1 branch of the dungeon, and saw 4 of its levels.

You collected 178 gold pieces.

Inventory:

Hand Weapons
 a - a +2 hand crossbow
 j - a +1 dagger of draining
 s - a +0 morningstar of protection
 u - a +2 war axe of freezing (weapon)
Missiles
 b - 2 bolts
Armour
 d - a +0 ring mail (worn)
 y - a +0 pair of boots (worn)
 z - a +0 helmet (worn)
Jewellery
 r - a ring of resist corrosion (left hand)
Scrolls
 c - 2 scrolls of teleportation
 e - a scroll of remove curse {unknown}
 g - a scroll of magic mapping {unknown}
 l - a scroll of identify {unknown}
 m - 2 scrolls of amnesia {unknown}
 n - a scroll of fog {unknown}
 o - 4 scrolls of immolation {unknown}
 p - a scroll of torment {unknown}
 w - 2 scrolls of enchant armour {unknown}
Potions
 h - a potion of heal wounds {unknown}
 i - a potion of mutation {unknown}
 k - 2 potions of haste {unknown}
 q - a potion of berserk rage
 t - 2 potions of curing
 v - a potion of degeneration {unknown}
Miscellaneous
 x - a lamp of fire
Comestibles
 f - 13 rations


   Skills:
 + Level 3.4 Fighting
 + Level 2.2 Short Blades
 + Level 2.2 Long Blades
 + Level 2.2 Axes
 + Level 2.2 Maces & Flails
 + Level 2.2 Polearms
 + Level 2.2 Staves
 + Level 2.2 Slings
 + Level 3.4 Bows
 + Level 6.9 Crossbows
 + Level 3.4 Throwing
 + Level 6.9 Armour
 + Level 2.2 Dodging
 + Level 2.2 Stealth
 + Level 3.4 Shields
 + Level 2.2 Unarmed Combat
 + Level 2.2 Spellcasting
 + Level 1.8 Conjurations
 + Level 1.8 Hexes
 + Level 1.8 Charms
 + Level 1.8 Summonings
 + Level 1.8 Necromancy
 + Level 1.8 Translocations
 + Level 1.8 Transmutations
 + Level 1.8 Fire Magic
 + Level 1.8 Ice Magic
 + Level 1.8 Air Magic
 + Level 1.8 Earth Magic
 + Level 1.8 Poison Magic
 + Level 2.5 Invocations
 + Level 2.2 Evocations


You had 10 spell levels left.
You didn't know any spells.
Your spell library was empty.

Dungeon Overview and Level Annotations

Branches:
Dungeon (4/15)
 Temple: D:4-7

Altars:
Dithmenos

Annotations:
D:3 3 runed translucent doors, nodrog's ghost, amateur GnWz
D:4 Eustachio


Innate Abilities, Weirdness & Mutations

Your experience applies equally to all skills.
You have very sharp teeth.
Your uncanny sense of smell can sniff out nearby items.


Message History

The bat hits you but does no damage.
You slash the bat! You freeze the bat.
You kill the bat!
The bat's corpse disappears in a puff of smoke!
The bat hits you but does no damage. x2
Eustachio gestures wildly while chanting.
Eustachio blinks!
You slash the bat! You freeze the bat.
You kill the bat!
The bat's corpse disappears in a puff of smoke!
The quokka closely misses you.
You see here a +0 club.
You barely miss the quokka. Your punch misses the quokka. You bite the quokka.
You kill the quokka!
The quokka's corpse disappears in a puff of smoke!
You feel a strong urge to attack something.
You are no longer berserk.
You are exhausted.
You feel yourself slow down. Eustachio hits you with a +0 falchion.
You die...

#### ######### #...
#.......##
####...#########.......#.
...(().@@§§..............
§.##...#########.......#.
##+# #########. # #####.
#. ∆ #..... #.. #.....
#.. #..... ###.########
#..... #..........#
#.....


You could see Eustachio.

Vanquished Creatures
  An ogre (D:4)
  A hound (D:4)
  3 orc priests
  An orc wizard (D:4)
  An iguana (D:4)
  3 worker ants (D:4)
  A howler monkey skeleton (D:4)
  4 gnolls (D:4)
  3 adders
  An adder skeleton (D:4)
  A worm (D:2)
  A dart slug (D:2)
  5 leopard geckos
  8 orcs
  5 bats
  5 giant cockroaches
  5 hobgoblins
  5 jackals
  5 frilled lizards
  6 goblins
  6 kobolds
  5 rats
76 creatures vanquished.

Notes
Turn   | Place    | Note
-------+----------+-------------------------------------------
     0 | D:1      | Lemonice the Gnoll Wanderer began the quest for the Orb.
     0 | D:1      | Lemonice set off with the following items: a +2 hand
                  | crossbow, 24 bolts, a scroll of teleportation, a +0 ring
                  | mail, a ration
     0 | D:1      | Reached XP level 1. HP: 17/17 MP: 1/1
   175 | D:1      | Reached XP level 2. HP: 23/23 MP: 2/2
  1121 | D:2      | Reached XP level 3. HP: 28/28 MP: 3/3
  1242 | D:2      | Reached skill level 1 in Invocations
  1431 | D:2      | Reached skill level 1 in Short Blades
  1431 | D:2      | Reached skill level 1 in Long Blades
  1431 | D:2      | Reached skill level 1 in Axes
  1431 | D:2      | Reached skill level 1 in Maces & Flails
  1431 | D:2      | Reached skill level 1 in Polearms
  1431 | D:2      | Reached skill level 1 in Staves
  1431 | D:2      | Reached skill level 1 in Slings
  1431 | D:2      | Reached skill level 1 in Dodging
  1431 | D:2      | Reached skill level 1 in Stealth
  1431 | D:2      | Reached skill level 1 in Unarmed Combat
  1431 | D:2      | Reached skill level 1 in Spellcasting
  1431 | D:2      | Reached skill level 1 in Evocations
  1491 | D:2      | Reached XP level 4. HP: 34/34 MP: 5/5
  2114 | D:3      | Reached skill level 1 in Conjurations
  2114 | D:3      | Reached skill level 1 in Hexes
  2114 | D:3      | Reached skill level 1 in Charms
  2114 | D:3      | Reached skill level 1 in Summonings
  2114 | D:3      | Reached skill level 1 in Necromancy
  2114 | D:3      | Reached skill level 1 in Translocations
  2114 | D:3      | Reached skill level 1 in Transmutations
  2114 | D:3      | Reached skill level 1 in Fire Magic
  2114 | D:3      | Reached skill level 1 in Ice Magic
  2114 | D:3      | Reached skill level 1 in Air Magic
  2114 | D:3      | Reached skill level 1 in Earth Magic
  2114 | D:3      | Reached skill level 1 in Poison Magic
  2118 | D:3      | Reached XP level 5. HP: 40/40 MP: 5/7
  2522 | D:3      | Found a runed translucent gate.
  2523 | D:3      | Found a runed translucent gate.
  2524 | D:3      | Found a runed translucent gate.
  2535 | D:3      | Found a shadowy altar of Dithmenos.
  2621 | D:3      | Noticed nodrog's ghost (amateur GnWz)
  2844 | D:4      | Noticed an ogre
  2850 | D:4      | Killed an ogre
  2850 | D:4      | Reached XP level 6. HP: 47/47 MP: 8/8
  3297 | D:4      | Noticed Eustachio
  3306 | D:4      | Reached XP level 7. HP: 46/52 MP: 10/10
  3371 | D:4      | Slain by Eustachio

Levels and vault maps discovered:
D:1:      nicolae_arrival_memento_mori, layout_basic, nrook_campfire,
          wad_floor_pattern_untrapped
D:2:      layout_loops_ring, dk_noncrumbling_3
D:3:      layout_basic, first_ration, gammafunk_ghost_necromancy,
          grunt_dithmenos_smoke_and_mirrors
D:4:      layout_basic, minmay_checkerbox, uniq_eustachio

Skill      XL: |  1  2  3  4  5  6 |
---------------+-------------------+-----
Invocations    | 1 2 |  2.5
Short Blades   | 1 2 |  2.2
Long Blades    | 1 2 |  2.2
Axes           | 1 2 |  2.2
Maces & Flails | 1 2 |  2.2
Polearms       | 1 2 |  2.2
Staves         | 1 2 |  2.2
Slings         | 1 2 |  2.2
Dodging        | 1 2 |  2.2
Stealth        | 1 2 |  2.2
Unarmed Combat | 1 2 |  2.2
Spellcasting   | 1 2 |  2.2
Evocations     | 1 2 |  2.2
Conjurations   | 1 |  1.8
Hexes          | 1 |  1.8
Charms         | 1 |  1.8
Summonings     | 1 |  1.8
Necromancy     | 1 |  1.8
Translocations | 1 |  1.8
Transmutations | 1 |  1.8
Fire Magic     | 1 |  1.8
Ice Magic      | 1 |  1.8
Air Magic      | 1 |  1.8
Earth Magic    | 1 |  1.8
Poison Magic   | 1 |  1.8
Fighting       | 3 |  3.4
Bows           | 3 |  3.4
Throwing       | 3 |  3.4
Shields        | 3 |  3.4
Crossbows      | |  6.9
Armour         | |  6.9

Action                   |  1- 3 |  4- 6 |  7- 9 || total
-------------------------+-------+-------+-------++-------
Melee: Hand crossbow     |       |    18 |       ||    18
       War axe           |       |     5 |    53 ||    58
       Bite              |       |     3 |     7 ||    10
 Fire: Hand crossbow     |    76 |    81 |       ||   157
  Use: Potion            |       |       |     2 ||     2
  Eat: Chunk             |     1 |     6 |       ||     7
Armor: Ring mail         |     9 |    24 |    42 ||    75
Dodge: Dodged            |    12 |    27 |    41 ||    80
